Map: [ESL] Hecate

Players

Krystianer

  • Race: Protoss Protoss
  • Spawn Location: 1:00

Clem - Winner!

  • Race: Terran Terran
  • Spawn Location: 7:00

Event: ESL SC2 Masters 2023 Winter (Regional)

VOD

Have the link to the VOD?

Description

Time

  • Played on: Nov. 9, 2023, 11:18 a.m.
  • Length: 11:12

All games in this series

Show
View Real Time Build Order
Export as new Build Order

Krystianer Protoss 

Build Orders: 1 Gate Expand, Phoenix Opening, Blink Stalkers 

Get SALT Encoding   

  12  0:00  Probe  
  13  0:12  Probe  
  14  0:17  Pylon  
  14  0:24  Probe (Chrono Boost)  
  16  0:36  Gateway, Probe (Chrono Boost)  
  16  0:42  Probe (Chrono Boost)  
  16  0:45  Assimilator  
  17  0:50  Probe  
  18  1:03  Probe  
  19  1:15  Probe  
  20  1:21  Nexus  
  20  1:31  Cybernetics Core  
  20  1:35  Probe  
  21  1:40  Assimilator  
  21  1:47  Probe  
  21  1:50  Pylon  
  22  1:59  Probe  
  23  2:05  Adept (Chrono Boost)  
  25  2:11  Probe  
  25  2:14  Stargate  
  26  2:24  Probe (Chrono Boost), Warp Gate  
  29  2:31  Stalker  
  29  2:33  Probe (Chrono Boost)  
  29  2:36  Probe (Chrono Boost)  
  31  2:42  Probe (Chrono Boost)  
  31  2:43  Probe (Chrono Boost)  
  32  2:48  Probe (Chrono Boost)  
  32  2:50  Probe  
  33  2:57  Phoenix  
  36  2:59  Probe  
  36  3:02  Probe  
  38  3:09  Twilight Council  
  38  3:12  Probe  
  39  3:17  Probe  
  40  3:21  Pylon  
  40  3:24  Probe  
  41  3:29  Gateway, Probe  
  41  3:33  Gateway  
  42  3:40  Blink (Chrono Boost)  
  43  3:41  Gateway  
  43  3:42  Probe  
  43  3:48  Probe  
  43  3:54  Assimilator, Probe  
  45  4:00  Probe  
  46  4:04  Pylon  
  46  4:06  Probe  
  47  4:13  Probe  
  48  4:18  Probe  
  48  4:20  Pylon  
  49  4:29  Stalker x3  
  57  4:33  Pylon  
  55  4:39  Stalker  
  57  4:53  Stalker x3  
  57  4:55  Nexus  
  57  4:56  Probe  
  57  4:58  Probe  
  65  5:03  Stalker  
  65  5:06  Pylon  
  67  5:08  Probe  
  67  5:10  Probe  
  69  5:16  Stalker  
  69  5:18  Stalker  
  69  5:20  Stalker  
  72  5:23  Probe (Chrono Boost)  
  72  5:25  Probe (Chrono Boost)  
  71  5:34  Probe (Chrono Boost)  
  72  5:38  Robotics Facility, Probe (Chrono Boost)  
  72  5:39  Probe (Chrono Boost)  
  72  5:41  Stalker  
  75  5:43  Stalker  
  75  5:46  Probe  
  75  5:49  Probe  
  80  5:58  Probe  
  80  6:01  Probe  
  80  6:10  Charge (Chrono Boost)  
  80  6:11  Probe (Chrono Boost)  
  82  6:13  Probe x2 (Chrono Boost)  
  82  6:16  Forge  
  82  6:17  Phoenix  
  82  6:22  Probe x2 (Chrono Boost)  
  82  6:24  Probe (Chrono Boost)  
  85  6:26  Probe (Chrono Boost)  
  85  6:28  Probe (Chrono Boost)  
  85  6:32  Observer (Chrono Boost)  
  88  6:37  Gateway  
  88  6:38  Gateway  
  90  6:42  Gateway  
  90  6:44  Gateway  
  90  6:46  Pylon  
  88  6:48  Sentry, Templar Archives  
  88  6:49  Zealot x2, Protoss Ground Weapons Level 1 (Chrono Boost)  
  88  6:50  Zealot, Pylon  
  96  6:59  Photon Cannon  
  96  7:00  Photon Cannon  
  96  7:06  Observer  
  96  7:10  Zealot x2, Pylon  
  96  7:12  Zealot x2  
  104  7:19  Pylon  
  103  7:31  Observer  
  103  7:32  Zealot x3  
  103  7:33  Zealot x2  
  103  7:36  Zealot, Pylon  
  116  7:37  Pylon  
  116  7:39  Zealot x2  
  116  7:41  Photon Cannon  
  120  7:52  Pylon  
  120  7:59  High Templar x2  
  120  8:00  Zealot x6  
  130  8:20  Zealot x6  
  128  8:30  Probe  
  103  8:35  Stalker x2  
  103  8:36  Archon  
  100  8:41  Stalker x6  
  100  8:47  Probe  
  113  8:50  Observer  
  113  8:54  Probe  
  111  8:56  Nexus, Probe  
  111  9:02  Probe, Protoss Ground Armor Level 1 (Chrono Boost), Pylon  
  113  9:07  Zealot x2  
  113  9:08  Zealot x4  
  123  9:22  Zealot x2  
  121  9:29  Probe  
  99  9:31  Probe  
  99  9:34  Zealot x6  
  99  9:35  Probe  
  106  9:41  Probe  
  106  9:43  Probe  
  102  9:48  High Templar x2  
  104  9:54  Zealot x6  
  104  9:55  Archon  
  104  9:56  Warp Prism (Chrono Boost)  
  109  10:13  Gateway  
  109  10:18  High Templar  
  109  10:19  High Templar, Zealot x3  
  117  10:22  Zealot x2  
  117  10:25  Pylon  
  121  10:30  Robotics Facility  
  121  10:31  Probe  
  121  10:32  Probe, Robotics Bay  
  121  10:33  Probe  
  121  10:34  Archon  
  121  10:35  Assimilator  
  124  10:37  Assimilator, Probe  
  125  10:44  Probe  
  125  10:47  Zealot x5  
  134  10:51  Zealot x2  
  134  10:54  Probe  
  122  10:57  Probe  
Show
View Real Time Build Order
Export as new Build Order

Clem Terran - Winner!

Build Orders: Reaper Expand 

Get SALT Encoding   

  12  0:00  SCV  
  13  0:13  SCV  
  14  0:17  Supply Depot  
  14  0:25  SCV  
  15  0:38  SCV  
  15  0:39  Barracks  
  16  0:43  Refinery  
  16  0:50  SCV  
  17  1:02  SCV  
  18  1:14  SCV  
  19  1:26  Reaper  
  19  1:27  Orbital Command  
  20  1:42  Command Center  
  20  1:48  Supply Depot  
  20  1:53  SCV  
  21  1:58  Marine  
  22  2:06  SCV  
  23  2:10  Factory  
  23  2:16  Marine  
  23  2:18  Bunker  
  23  2:21  SCV  
  25  2:26  Refinery  
  25  2:34  SCV  
  25  2:35  Barracks Reactor  
  26  2:46  SCV  
  27  2:54  Hellion  
  27  2:56  Starport  
  29  2:58  SCV  
  29  2:59  Orbital Command  
  30  3:10  SCV  
  30  3:12  Marine x2  
  33  3:15  Supply Depot  
  33  3:17  Widow Mine  
  35  3:23  SCV  
  35  3:26  SCV  
  37  3:33  Marine x2, Medivac  
  41  3:38  Widow Mine, SCV  
  41  3:39  SCV  
  45  3:44  Supply Depot  
  45  3:50  Armory  
  45  3:51  Marine x2  
  45  3:54  SCV  
  45  3:55  SCV  
  51  4:07  Supply Depot, SCV  
  54  4:10  SCV  
  54  4:11  Factory Tech Lab  
  54  4:12  Starport Tech Lab  
  54  4:13  Marine x2  
  53  4:19  SCV  
  53  4:22  SCV, Supply Depot  
  55  4:30  Viking, Cyclone  
  55  4:31  SCV  
  60  4:33  Marine  
  60  4:34  Marine, Supply Depot  
  60  4:37  SCV  
  63  4:43  SCV  
  63  4:44  Barracks  
  64  4:48  Supply Depot  
  64  4:49  SCV  
  64  4:52  Refinery  
  65  4:56  Marine x2  
  65  4:58  SCV  
  68  5:02  Siege Tank, Engineering Bay  
  68  5:06  Banshee  
  74  5:10  SCV  
  74  5:11  Supply Depot  
  74  5:13  SCV  
  74  5:14  Marine  
  77  5:17  Marine  
  78  5:24  SCV  
  78  5:26  Engineering Bay  
  78  5:27  SCV  
  78  5:31  Marine  
  79  5:36  SCV  
  79  5:38  Barracks  
  79  5:39  Siege Tank  
  82  5:47  Supply Depot  
  82  5:48  Terran Infantry Weapons Level 1, Refinery  
  82  5:51  Missile Turret, Marine x2  
  84  6:02  Stimpack, Marauder  
  85  6:05  SCV  
  85  6:08  SCV  
  85  6:09  Marine x2  
  87  6:17  SCV  
  88  6:22  Siege Tank  
  88  6:23  Marine  
  92  6:28  Marine x2  
  92  6:29  Barracks Tech Lab  
  92  6:37  Starport Reactor  
  92  6:41  Marauder  
  92  6:42  Command Center  
  92  6:46  Marine x2  
  96  6:47  Combat Shield  
  96  6:48  Marauder  
  96  6:54  Supply Depot  
  98  7:02  Factory Reactor, Marauder  
  98  7:03  Supply Depot  
  98  7:04  Marine x2  
  102  7:10  Barracks, Marauder  
  102  7:13  Barracks  
  102  7:14  Medivac x2  
  108  7:22  Supply Depot  
  108  7:23  Marine x2  
  108  7:24  Marauder  
  110  7:31  Marauder  
  110  7:34  Supply Depot  
  112  7:41  Marine x2, Widow Mine x2  
  118  7:44  Medivac  
  118  7:45  Marauder  
  118  7:46  Medivac  
  118  7:51  Supply Depot x2  
  122  7:52  Marauder, Concussive Shells  
  124  8:00  Marine x2  
  124  8:02  Widow Mine x2  
  124  8:03  Barracks Reactor, Barracks Tech Lab  
  130  8:06  Orbital Command, Supply Depot, Marine  
  130  8:17  Marauder  
  132  8:20  Ghost Academy  
  132  8:23  Widow Mine  
  132  8:24  Widow Mine  
  132  8:25  Marine  
  114  8:36  Marine, Marauder x2  
  114  8:38  Marauder  
  114  8:41  Marine x2, Medivac x2  
  125  8:44  Terran Infantry Weapons Level 2  
  125  8:45  Widow Mine, Marine  
  125  8:48  Widow Mine  
  131  8:54  Marine  
  127  8:59  Marine  
  127  9:00  Marine  
  133  9:03  Marauder x2  
  133  9:04  Marauder  
  133  9:05  SCV x3  
  133  9:08  Widow Mine  
  133  9:09  Marine  
  141  9:13  Supply Depot, Marine  
  141  9:14  Widow Mine  
  144  9:17  Marine  
  144  9:19  Marine  
  144  9:23  Ghost  
  140  9:26  Ghost  
  140  9:30  Marine  
  134  9:33  Marine  
  134  9:35  Ghost, Widow Mine, Marine  
  135  9:40  SCV  
  135  9:42  Marine  
  131  9:47  Orbital Command  
  131  9:48  Widow Mine  
  131  9:52  Marauder, Marine x2  
  136  9:54  Marine  
  136  9:55  Marauder  
  136  9:56  Widow Mine, SCV  
  143  10:02  Marine  
  143  10:04  Medivac x2  
  143  10:05  SCV  
  149  10:08  Supply Depot, SCV  
  149  10:12  Marine x2  
  152  10:14  SCV  
  152  10:17  Bunker  
  152  10:19  SCV  
  152  10:21  Marauder  
  154  10:24  Marine x2  
  154  10:25  SCV  
  157  10:31  Marauder  
  157  10:32  Marauder  
  157  10:35  Marine x2  
  162  10:36  Widow Mine  
  162  10:39  Widow Mine  
  162  10:40  Supply Depot  
  167  10:44  Refinery x2  
Tags
 
Add a new tag
Caveats
  • Supply blocks, unpowered buildings, or Contaminate may cause inaccurate times.
  • Supply counts are checked every 10 seconds.